[Event "Carnaval"]
[Site "Quebec CAN"]
[Date "2026.02.22"]
[Round "4"]
[White "Huynh, Nhu Phuong Nghi"]
[Black "Audouze, Oscar"]
[Result "1/2-1/2"]
[ECO "E30"]
[WhiteElo "1656"]
[BlackElo "1844"]
[WhiteFideId "-1"]
[BlackFideId "-1"]
[PlyCount "119"]
[GameId "2286552151609423"]
[EventDate "2026.02.20"]
[EventType "swiss"]
[EventRounds "5"]
[EventCountry "CAN"]
[TimeControl "5400+30"]

1. d4 e6 2. c4 Nf6 3. Nc3 Bb4 4. Bg5 h6 5. Bf4 c5 6. e3 b6 7. Bd3 Bb7 8. Nf3 d5 9. O-O dxc4 10. Bxc4 O-O 11. Qe2 cxd4 12. exd4 Nc6 13. Rfd1 Ne7 14. Rac1 Ned5 15. Bd2 Qe7 16. Bd3 Rfd8 17. Ne4 Bxd2 18. Qxd2 Nxe4 19. Bxe4 Nf6 20. Bxb7 Qxb7 21. Ne5 Rd5 22. h3 Rad8 23. Qf4 R5d6 24. Nf3 Qd5 25. Rc7 Qxa2 26. Ne5 Qa4 27. Rd2 Rxd4 28. Rxd4 Rxd4 29. Qf3 Qd1+ 30. Qxd1 Rxd1+ 31. Kh2 Rd2 32. Nxf7 Rxf2 33. Nd8 e5 34. Ne6 Ne8 35. Rxa7 Rxb2 36. Re7 e4 37. Kg1 Nf6 38. Rxg7+ Kh8 39. Rg6 e3 40. Nf4 Rb1+ 41. Kh2 Ng8 42. Re6 Rb3 43. Nd5 Kg7 44. Nxe3 Kf7 45. Re5 Ne7 46. Ng4 Ng6 47. Nxh6+ Kg7 48. Nf5+ Kf6 49. Re3 Rxe3 50. Nxe3 b5 51. Nd5+ Ke5 52. Nb4 Nf4 53. g4 Nd5 54. Na6 Kd4 55. g5 b4 56. Nxb4 Nxb4 57. g6 Nd5 58. Kg3 Ke5 59. Kg4 Kf6 60. h4 1/2-1/2

[Event "Carnaval"]
[Site "Quebec CAN"]
[Date "2026.02.22"]
[Round "4"]
[White "Lapalme, Gabriel"]
[Black "Bain-Thouverez, Aurelien"]
[Result "0-1"]
[ECO "B28"]
[WhiteElo "1530"]
[BlackElo "1821"]
[WhiteFideId "-1"]
[BlackFideId "-1"]
[PlyCount "50"]
[GameId "2286552151613520"]
[EventDate "2026.02.20"]
[EventType "swiss"]
[EventRounds "5"]
[EventCountry "CAN"]
[TimeControl "5400+30"]

1. e4 c5 2. Nf3 a6 3. b3 d6 4. d4 cxd4 5. Nxd4 e5 6. Ne2 Nf6 7. Nec3 Be7 8. Be2 h6 9. O-O O-O 10. Qd3 Nc6 11. a3 Nd4 12. Bd1 Nd7 13. Nd5 Nc5 14. Nxe7+ Qxe7 15. Qe3 f5 16. Nc3 f4 17. Qd2 f3 18. Nd5 Qf7 19. b4 Nxe4 20. Qd3 fxg2 21. Kxg2 Qxd5 22. c4 Nxf2+ 23. Bf3 Bh3+ 24. Kxf2 Qxf3+ 25. Qxf3 Rxf3+ 0-1

[Event "Carnaval"]
[Site "Quebec CAN"]
[Date "2026.02.22"]
[Round "4"]
[White "Dube, Daniel"]
[Black "Genest, Jean-Philippe"]
[Result "0-1"]
[ECO "B71"]
[WhiteElo "1840"]
[BlackElo "1694"]
[WhiteFideId "-1"]
[BlackFideId "-1"]
[PlyCount "40"]
[GameId "2286552151613521"]
[EventDate "2026.02.20"]
[EventType "swiss"]
[EventRounds "5"]
[EventCountry "CAN"]
[TimeControl "5400+30"]

1. e4 c5 2. Nf3 d6 3. d4 cxd4 4. Nxd4 Nf6 5. Nc3 g6 6. f4 Nc6 7. Nxc6 bxc6 8. e5 Nd7 9. exd6 exd6 10. Be3 Be7 11. Bd4 O-O 12. Be2 Re8 13. O-O Nf8 14. f5 Bxf5 15. Rxf5 gxf5 16. Bd3 Bf6 17. Bxf5 Bxd4+ 18. Qxd4 Qb6 19. Rd1 d5 20. Kh1 Qxd4 0-1

[Event "Carnaval"]
[Site "Quebec CAN"]
[Date "2026.02.22"]
[Round "4"]
[White "Verge, Leo"]
[Black "Barrera, Eduardo"]
[Result "1/2-1/2"]
[ECO "A14"]
[WhiteElo "1844"]
[BlackElo "1950"]
[WhiteFideId "-1"]
[BlackFideId "-1"]
[PlyCount "161"]
[GameId "2286552151613522"]
[EventDate "2026.02.20"]
[EventType "swiss"]
[EventRounds "5"]
[EventCountry "CAN"]
[TimeControl "5400+30"]

1. Nf3 c5 2. g3 d5 3. c4 e6 4. Bg2 Nf6 5. O-O Be7 6. b3 O-O 7. cxd5 Nxd5 8. Bb2 Bf6 9. Bxf6 Qxf6 10. Na3 Nc6 11. Nc4 Nb6 12. Ne3 e5 13. Qc2 Nd7 14. h4 Nd4 15. Nxd4 exd4 16. Nd5 Qd6 17. e3 Rb8 18. b4 cxb4 19. Qb2 Nb6 20. Qxb4 Qxb4 21. Nxb4 dxe3 22. dxe3 Be6 23. a4 a5 24. Nd3 Bc4 25. Rfb1 Nd7 26. Nf4 b6 27. Bc6 Nc5 28. Nd5 Bxd5 29. Bxd5 Rfd8 30. e4 Kf8 31. f3 Rd6 32. Kf2 Nd3+ 33. Ke3 Nb4 34. Rb2 Nxd5+ 35. exd5 Rxd5 36. Rab1 Rd6 37. Rb5 Re8+ 38. Kf2 Ree6 39. g4 Ke7 40. R1b3 Kd7 41. Rc3 Rd4 42. Rf5 f6 43. Rh5 h6 44. Kg3 Rxa4 45. g5 fxg5 46. hxg5 Rg6 47. f4 hxg5 48. f5 Rf6 49. Rxg5 Rf7 50. Rg6 Rb4 51. Rcc6 Rxf5 52. Rxb6 Rxb6 53. Rxb6 Ke7 54. Kg4 Rd5 55. Ra6 Kf7 56. Ra7+ Kg8 57. Ra6 Kh7 58. Ra7 Rd4+ 59. Kf3 Ra4 60. Ra6 Ra1 61. Ra7 a4 62. Kg2 Kh6 63. Kg3 a3 64. Ra6+ g6 65. Kg2 a2 66. Ra5 Kg7 67. Ra7+ Kf6 68. Ra6+ Kf5 69. Ra5+ Ke4 70. Ra4+ Kd3 71. Ra3+ Kd4 72. Ra4+ Kc3 73. Ra8 Kd4 74. Ra4+ Ke5 75. Ra5+ Kf4 76. Ra4+ Kg5 77. Ra5+ Kh6 78. Ra7 Kh5 79. Ra5+ g5 80. Ra4 Kg6 81. Ra6+ 1/2-1/2

[Event "Carnaval"]
[Site "Quebec CAN"]
[Date "2026.02.22"]
[Round "5"]
[White "Chiku-Ratte, Olivier-Kenta"]
[Black "Sambuev, Bator"]
[Result "1/2-1/2"]
[ECO "D37"]
[WhiteElo "2404"]
[BlackElo "2536"]
[WhiteFideId "-1"]
[BlackFideId "-1"]
[PlyCount "36"]
[GameId "2286552151617619"]
[EventDate "2026.02.20"]
[EventType "swiss"]
[EventRounds "5"]
[EventCountry "CAN"]
[TimeControl "5400+30"]

1. d4 Nf6 2. c4 e6 3. Nf3 d5 4. Nc3 Be7 5. Bf4 O-O 6. e3 c5 7. dxc5 Bxc5 8. a3 Nc6 9. cxd5 Nxd5 10. Nxd5 exd5 11. Bd3 h6 12. Rc1 Bb6 13. O-O Qf6 14. Bb1 d4 15. Qd3 Qg6 16. Qb5 Qf6 17. Qd3 Qg6 18. Qb5 Qf6 1/2-1/2

[Event "Carnaval"]
[Site "Quebec CAN"]
[Date "2026.02.22"]
[Round "5"]
[White "Song, Julien"]
[Black "Iordanescu, Victor Nicolae"]
[Result "1/2-1/2"]
[ECO "E06"]
[WhiteElo "2458"]
[BlackElo "1992"]
[WhiteFideId "-1"]
[BlackFideId "-1"]
[PlyCount "106"]
[GameId "2286552151621716"]
[EventDate "2026.02.20"]
[EventType "swiss"]
[EventRounds "5"]
[EventCountry "CAN"]
[TimeControl "5400+30"]

1. d4 Nf6 2. c4 e6 3. Nf3 d5 4. g3 Be7 5. Bg2 O-O 6. Nc3 dxc4 7. Ne5 Nc6 8. Bxc6 bxc6 9. Nxc6 Qe8 10. Nxe7+ Qxe7 11. Qa4 e5 12. dxe5 Qxe5 13. Qxc4 Be6 14. Qf4 Qxf4 15. Bxf4 Nd5 16. Nxd5 Bxd5 17. f3 c5 18. Kf2 c4 19. e4 Be6 20. Bd6 Rfd8 21. e5 Rd7 22. Rhd1 Rb7 23. Rd2 Rc8 24. Rc1 h5 25. Ke3 Rc6 26. Kf4 Rb5 27. Ba3 Kh7 28. Be7 Rcb6 29. Rcc2 Kg6 30. g4 hxg4 31. fxg4 Ra6 32. a3 Rb3 33. h4 c3 34. h5+ Kh6 35. bxc3 Ra4+ 36. Rd4 Rxc3 37. Rxa4 Rxc2 38. g5+ Kxh5 39. Rxa7 Rc4+ 40. Ke3 Kg4 41. Bf8 Kxg5 42. Bxg7 Kf5 43. a4 Rb4 44. a5 Ra4 45. Bf6 Ba2 46. a6 Bc4 47. Rc7 Bxa6 48. Rxf7 Bc4 49. Rg7 Ba2 50. Re7 Be6 51. Rh7 Ba2 52. Rh4 Rxh4 53. Bxh4 Kxe5 1/2-1/2

[Event "Carnaval"]
[Site "Quebec CAN"]
[Date "2026.02.22"]
[Round "5"]
[White "Wu, Ting En Ryan"]
[Black "Cassista, Jeremie"]
[Result "1-0"]
[ECO "B15"]
[WhiteElo "1839"]
[BlackElo "1814"]
[WhiteFideId "-1"]
[BlackFideId "-1"]
[PlyCount "31"]
[GameId "2286552151625814"]
[EventDate "2026.02.20"]
[EventType "swiss"]
[EventRounds "5"]
[EventCountry "CAN"]
[TimeControl "5400+30"]

1. e4 c6 2. d4 d5 3. Nc3 Nf6 4. e5 Ne4 5. Nce2 h6 6. h4 e6 7. f3 Nc5 8. dxc5 Bxc5 9. Nd4 f6 10. f4 fxe5 11. fxe5 O-O 12. Ngf3 Qe8 13. Bd3 Qh5 14. g4 Qxg4 15. Rg1 Qh3 16. Bf1 1-0

[Event "Carnaval"]
[Site "Quebec CAN"]
[Date "2026.02.22"]
[Round "5"]
[White "Adam, Rafael"]
[Black "Alcantara, Maximo"]
[Result "1-0"]
[ECO "B05"]
[WhiteElo "2304"]
[BlackElo "1941"]
[WhiteFideId "-1"]
[BlackFideId "-1"]
[PlyCount "85"]
[GameId "2286552151625815"]
[EventDate "2026.02.20"]
[EventType "swiss"]
[EventRounds "5"]
[EventCountry "CAN"]
[TimeControl "5400+30"]

1. e4 Nf6 2. e5 Nd5 3. d4 d6 4. Nf3 Bg4 5. Bc4 e6 6. exd6 Bxd6 7. Nbd2 O-O 8. h3 Bh5 9. O-O Nc6 10. c3 Na5 11. Bd3 Nf4 12. Be4 f5 13. Bc2 g5 14. b4 g4 15. bxa5 gxf3 16. Nxf3 Rf6 17. Bxf4 Bxf4 18. a6 b6 19. Qd3 Rh6 20. Rfe1 Qd6 21. Ne5 Rd8 22. Qc4 Kf8 23. Kf1 Be8 24. Ba4 c6 25. Bb3 b5 26. Qc5 Qxc5 27. dxc5 Bd2 28. Rad1 Ke7 29. Re2 Bxc3 30. Rxd8 Kxd8 31. Nd3 Ke7 32. Rc2 Bd4 33. a4 bxa4 34. Bxa4 Rh4 35. f4 Bd7 36. Rc4 Bf6 37. Rb4 Bc8 38. Rb7+ Kd8 39. Rxa7 Bd4 40. Bxc6 Bxc5 41. Nxc5 Rxf4+ 42. Bf3 e5 43. Ra8 1-0

[Event "Carnaval"]
[Site "Quebec CAN"]
[Date "2026.02.22"]
[Round "5"]
[White "Drolet, Louis-Charles"]
[Black "Belanger, Mathieu-Olivier"]
[Result "1-0"]
[ECO "C41"]
[WhiteElo "1992"]
[BlackElo "1920"]
[WhiteFideId "-1"]
[BlackFideId "-1"]
[PlyCount "95"]
[GameId "2286552151625816"]
[EventDate "2026.02.20"]
[EventType "swiss"]
[EventRounds "5"]
[EventCountry "CAN"]
[TimeControl "5400+30"]

1. e4 e5 2. Nf3 Nc6 3. Bc4 Be7 4. O-O Nf6 5. Re1 O-O 6. d4 d6 7. c3 Bg4 8. d5 Nb8 9. Nbd2 c6 10. Nf1 cxd5 11. Bxd5 Bxf3 12. gxf3 Nxd5 13. Qxd5 Nc6 14. Ng3 g6 15. Bh6 Re8 16. Rad1 Qa5 17. Qc4 Qc5 18. Qf1 Bf8 19. Qh3 Re6 20. Bg5 Bg7 21. Rd2 Rae8 22. Kh1 Kh8 23. Rg1 Ne7 24. Bxe7 R8xe7 25. Qg2 Bh6 26. Rd5 Qc8 27. Rgd1 Qd8 28. c4 b6 29. Ne2 f5 30. b4 Qc7 31. c5 bxc5 32. bxc5 dxc5 33. Qh3 Bf8 34. exf5 Rf6 35. fxg6 Rxg6 36. Rd8 Rg8 37. Ng3 Reg7 38. Qf5 Qf7 39. Qxe5 Qxf3+ 40. Kg1 h5 41. Kf1 h4 42. Nf5 Qg2+ 43. Ke2 Qg4+ 44. f3 Qg2+ 45. Ke3 Qxa2 46. Rxf8 Qb3+ 47. Rd3 Qb7 48. Rxg8+ 1-0

[Event "Carnaval"]
[Site "Quebec CAN"]
[Date "2026.02.22"]
[Round "5"]
[White "Chua, Zachary"]
[Black "Lamontagne, Damien"]
[Result "0-1"]
[ECO "D00"]
[WhiteElo "1971"]
[BlackElo "1905"]
[WhiteFideId "-1"]
[BlackFideId "-1"]
[PlyCount "100"]
[GameId "2286552151625817"]
[EventDate "2026.02.20"]
[EventType "swiss"]
[EventRounds "5"]
[EventCountry "CAN"]
[TimeControl "5400+30"]

1. d4 Nf6 2. Bf4 d5 3. e3 c5 4. c3 Nc6 5. Nd2 Bf5 6. h3 h6 7. Ngf3 Qb6 8. Qc1 e6 9. a4 Rc8 10. Be2 Be7 11. O-O cxd4 12. exd4 O-O 13. b3 Nb4 14. a5 Qd8 15. Qb2 Bd3 16. Nb1 Ne4 17. Rc1 Bxe2 18. Qxe2 Bd6 19. Ne5 Bxe5 20. dxe5 Nc6 21. b4 Qh4 22. Qe3 a6 23. Nd2 Nxd2 24. Qxd2 Rfd8 25. Bg3 Qe7 26. Rab1 Na7 27. Bf4 Nb5 28. Be3 Rc4 29. Bd4 Rdc8 30. Bc5 Qc7 31. Qe3 Re4 32. Qd3 Qxe5 33. c4 dxc4 34. Qd7 Qc7 35. Qd2 Rd8 36. Qc2 Qe5 37. Rd1 Rd5 38. f3 Re2 39. Qxc4 Na3 40. Rxd5 exd5 41. Bd4 dxc4 42. Bxe5 Nxb1 43. Bf4 g5 44. Kh2 gxf4 45. b5 c3 46. b6 c2 47. h4 c1=Q 48. Kh3 h5 49. Kh2 Qd1 50. Kh3 Qh1# 0-1

[Event "Carnaval"]
[Site "Quebec CAN"]
[Date "2026.02.22"]
[Round "5"]
[White "Page-Fortin, Mathieu"]
[Black "Vaillant, Charles-Etienne"]
[Result "1/2-1/2"]
[ECO "A01"]
[WhiteElo "1954"]
[BlackElo "1863"]
[WhiteFideId "-1"]
[BlackFideId "-1"]
[PlyCount "48"]
[GameId "2286552151634010"]
[EventDate "2026.02.20"]
[EventType "swiss"]
[EventRounds "5"]
[EventCountry "CAN"]
[TimeControl "5400+30"]

1. b3 e5 2. Bb2 Nc6 3. e3 d5 4. Bb5 Nge7 5. Bxe5 a6 6. Bxc6+ Nxc6 7. Bg3 h5 8. h3 h4 9. Bh2 d4 10. exd4 Nxd4 11. Ne2 Qe7 12. c3 Nxe2 13. Qxe2 Be6 14. O-O O-O-O 15. d4 Rh6 16. Kh1 Qd7 17. Nd2 Qc6 18. f3 Bd6 19. Bxd6 Qxd6 20. Ne4 Qf4 21. Qd2 Qxd2 22. Nxd2 c5 23. Rac1 cxd4 24. cxd4+ Kb8 1/2-1/2

[Event "Carnaval"]
[Site "Quebec CAN"]
[Date "2026.02.22"]
[Round "5"]
[White "Papineau Esq, Daniel"]
[Black "Wilkin, Alain"]
[Result "0-1"]
[ECO "E91"]
[WhiteElo "2010"]
[BlackElo "1813"]
[WhiteFideId "-1"]
[BlackFideId "-1"]
[PlyCount "116"]
[GameId "2286552151634011"]
[EventDate "2026.02.20"]
[EventType "swiss"]
[EventRounds "5"]
[EventCountry "CAN"]
[TimeControl "5400+30"]

1. d4 Nf6 2. c4 g6 3. Nc3 Bg7 4. e4 d6 5. Nf3 O-O 6. h3 c6 7. Be2 a6 8. a4 a5 9. Bg5 h6 10. Be3 Na6 11. Qd2 Nb4 12. Rc1 Kh7 13. g4 Nd7 14. Kf1 e5 15. dxe5 dxe5 16. Kg2 Qe7 17. c5 Re8 18. Nb1 Nf8 19. Rhd1 Be6 20. Na3 Red8 21. Qe1 Bb3 22. Rd6 Bxa4 23. Nc4 Nc2 24. Qd2 Nxe3+ 25. fxe3 Bb5 26. Nb6 Bxe2 27. Qxe2 Rab8 28. Rcd1 Rxd6 29. cxd6 Qd8 30. Nc4 Nd7 31. Qd2 Ra8 32. Qc3 a4 33. Qb4 b5 34. Ncd2 Qb6 35. Kf2 Re8 36. Nb1 Re6 37. Nc3 Bf8 38. g5 Qb8 39. gxh6 Kxh6 40. Ne2 Bxd6 41. Qe1 Nf6 42. Kg2 Nh5 43. Kh2 Be7 44. Qf2 Qe8 45. Qg2 Bf6 46. Rg1 Qe7 47. Qg4 Rd6 48. Kh1 Rd3 49. Nc3 Qd7 50. Qg2 Rxe3 51. Nd1 Rb3 52. Nf2 Kg7 53. Rd1 Qe7 54. Qg4 Qc5 55. Nd3 Qe3 56. Nde1 Nf4 57. Rd7 Qxe4 58. Kg1 Rxb2 0-1

[Event "Carnaval"]
[Site "Quebec CAN"]
[Date "2026.02.22"]
[Round "5"]
[White "Bain-Thouverez, Aurelien"]
[Black "Huynh, Nhu Phuong Nghi"]
[Result "1-0"]
[ECO "D78"]
[WhiteElo "1821"]
[BlackElo "1656"]
[WhiteFideId "-1"]
[BlackFideId "-1"]
[PlyCount "89"]
[GameId "2286552151634012"]
[EventDate "2026.02.20"]
[EventType "swiss"]
[EventRounds "5"]
[EventCountry "CAN"]
[TimeControl "5400+30"]

1. Nf3 Nf6 2. g3 g6 3. Bg2 Bg7 4. c4 c6 5. O-O O-O 6. d4 d5 7. Nc3 a5 8. Ne5 e6 9. e4 Nxe4 10. Bxe4 dxe4 11. Nxe4 f6 12. Nf3 e5 13. dxe5 Qxd1 14. Rxd1 Bg4 15. Rd3 fxe5 16. Nfd2 Na6 17. f3 Nb4 18. Rc3 Bf5 19. g4 Bxe4 20. Nxe4 Rad8 21. Bg5 Rd3 22. Kg2 Rxc3 23. bxc3 Nd3 24. Rd1 Nf4+ 25. Kg3 h6 26. Bd8 a4 27. Bb6 Rf7 28. Rd8+ Bf8 29. Ra8 Kg7 30. Rxa4 Rd7 31. Ra7 Ne2+ 32. Kf2 Nc1 33. a4 Nd3+ 34. Ke2 Nf4+ 35. Kf2 Be7 36. Be3 Bh4+ 37. Ng3 Nd3+ 38. Ke2 Nb2 39. a5 Nxc4 40. a6 Nd6 41. Ne4 Be7 42. Nc5 Nb5 43. Nxd7 Nxa7 44. axb7 Bd6 45. Bxa7 1-0

[Event "Carnaval"]
[Site "Quebec CAN"]
[Date "2026.02.22"]
[Round "5"]
[White "Audouze, Oscar"]
[Black "Zhang, Yitian"]
[Result "1-0"]
[ECO "D46"]
[WhiteElo "1844"]
[BlackElo "1828"]
[WhiteFideId "-1"]
[BlackFideId "-1"]
[PlyCount "95"]
[GameId "2286552151634013"]
[EventDate "2026.02.20"]
[EventType "swiss"]
[EventRounds "5"]
[EventCountry "CAN"]
[TimeControl "5400+30"]

1. d4 d5 2. c4 c6 3. Nf3 Nf6 4. e3 e6 5. Nbd2 Nbd7 6. Bd3 Bd6 7. O-O O-O 8. e4 dxe4 9. Nxe4 Nxe4 10. Bxe4 Nf6 11. Bc2 b6 12. Bg5 Bb7 13. Qd3 g6 14. Rfe1 Be7 15. Qc3 Kg7 16. Ne5 Qc7 17. d5 cxd5 18. Ng4 Qd8 19. Bh6+ Kg8 20. Bxf8 Kxf8 21. Qh3 Nxg4 22. Qxg4 Bf6 23. cxd5 Bxd5 24. Rad1 Qc7 25. Be4 Bxe4 26. Qxe4 Rc8 27. Qa4 a5 28. Rd7 Qc6 29. Qxc6 Rxc6 30. b3 Rc2 31. Red1 Rxa2 32. Rb7 Rb2 33. g3 Rxb3 34. Rdd7 Kg7 35. Rxf7+ Kh6 36. Rxf6 a4 37. Rxe6 a3 38. Ra7 b5 39. Re3 Rb1+ 40. Kg2 b4 41. Re5 Rb2 42. Rea5 Ra2 43. g4 Rb2 44. g5+ Kh5 45. Kg3 h6 46. Rh7 Rb3+ 47. f3 a2 48. Rxh6# 1-0

[Event "Carnaval"]
[Site "Quebec CAN"]
[Date "2026.02.22"]
[Round "5"]
[White "Genest, Jean-Philippe"]
[Black "Lapalme, Gabriel"]
[Result "1-0"]
[ECO "E01"]
[WhiteElo "1694"]
[BlackElo "1530"]
[WhiteFideId "-1"]
[BlackFideId "-1"]
[PlyCount "99"]
[GameId "2286552151638110"]
[EventDate "2026.02.20"]
[EventType "swiss"]
[EventRounds "5"]
[EventCountry "CAN"]
[TimeControl "5400+30"]

1. d4 d5 2. c4 e6 3. Nf3 Nf6 4. g3 c5 5. cxd5 Nxd5 6. Bg2 Nc6 7. O-O Bd7 8. e4 Nf6 9. d5 Nb4 10. a3 Qa5 11. Nc3 c4 12. Ne5 exd5 13. exd5 Qa6 14. Re1 O-O-O 15. Bf4 Nbxd5 16. Bxd5 Nxd5 17. Qxd5 Be6 18. Qb5 Qxb5 19. Nxb5 Bc5 20. Rad1 a6 21. Nc3 b5 22. Kg2 Bd4 23. Nf3 Bxc3 24. bxc3 Rd3 25. Be5 Rhd8 26. Bd4 Rxd1 27. Rxd1 f6 28. Ng1 Bf5 29. f3 Re8 30. Kf2 Kc7 31. Re1 Rxe1 32. Kxe1 Kc6 33. Ne2 Kd6 34. Kd2 Ke7 35. Bc5+ Kf7 36. Nd4 Bc8 37. Ke3 Bb7 38. Nf5 Bc6 39. Nd6+ Ke6 40. g4 g6 41. Ne4 f5 42. Ng5+ Kd5 43. Bf8 fxg4 44. fxg4 h5 45. gxh5 gxh5 46. Kf4 Be8 47. h4 Bd7 48. Bb4 Bg4 49. Ne4 Bd7 50. Nf6+ 1-0

[Event "Carnaval"]
[Site "Quebec CAN"]
[Date "2026.02.22"]
[Round "5"]
[White "Potvin, Alain-Nicolas"]
[Black "Dube, Daniel"]
[Result "1-0"]
[ECO "A46"]
[WhiteElo "1717"]
[BlackElo "1840"]
[WhiteFideId "-1"]
[BlackFideId "-1"]
[PlyCount "83"]
[GameId "2286552151638111"]
[EventDate "2026.02.20"]
[EventType "swiss"]
[EventRounds "5"]
[EventCountry "CAN"]
[TimeControl "5400+30"]

1. d4 d6 2. Nf3 Nf6 3. Bf4 Nbd7 4. e3 Nh5 5. Bg5 h6 6. Bh4 g5 7. Nfd2 Ndf6 8. Bg3 c5 9. Nc3 cxd4 10. exd4 Nxg3 11. hxg3 a6 12. Bd3 Bg7 13. Qe2 Bd7 14. Nce4 Bc6 15. c3 O-O 16. f4 gxf4 17. gxf4 Nxe4 18. Nxe4 e5 19. fxe5 dxe5 20. dxe5 Bxe4 21. Qxe4 Re8 22. O-O-O Rxe5 23. Qxb7 Qg5+ 24. Kb1 Ree8 25. Rhf1 f6 26. Rfe1 Reb8 27. Qe4 f5 28. Qe6+ Kh8 29. Kc2 Rf8 30. Qd5 Rad8 31. Qf3 Qf6 32. Bc4 a5 33. Rxd8 Rxd8 34. Re6 Qg5 35. Bd3 Rb8 36. Qxf5 Rxb2+ 37. Kxb2 Qd2+ 38. Bc2 Qxc3+ 39. Kc1 Qa1+ 40. Kd2 Qc3+ 41. Ke2 Qc4+ 42. Kf3 1-0

[Event "Carnaval"]
[Site "Quebec CAN"]
[Date "2026.02.22"]
[Round "5"]
[White "Cossette, Daniel"]
[Black "Verge, Leo"]
[Result "1-0"]
[ECO "C44"]
[WhiteElo "1883"]
[BlackElo "1844"]
[WhiteFideId "-1"]
[BlackFideId "-1"]
[PlyCount "77"]
[GameId "2286552151638112"]
[EventDate "2026.02.20"]
[EventType "swiss"]
[EventRounds "5"]
[EventCountry "CAN"]
[TimeControl "5400+30"]

1. e4 e5 2. Nf3 Nc6 3. d4 exd4 4. c3 d5 5. exd5 Qxd5 6. cxd4 Bg4 7. Be2 O-O-O 8. Nc3 Qa5 9. Be3 Nf6 10. O-O Nd5 11. Nxd5 Qxd5 12. Qa4 Qa5 13. Qxa5 Nxa5 14. Rac1 Bd6 15. h3 Bh5 16. g4 Bg6 17. Ne5 f6 18. Nxg6 hxg6 19. Kg2 f5 20. Bf3 b6 21. Rfe1 Nb7 22. Bg5 Rde8 23. Bc6 Rxe1 24. Rxe1 Nd8 25. Be8 f4 26. f3 Nb7 27. Bxg6 Na5 28. b3 Nc6 29. Re4 Rf8 30. Bf5+ Kb8 31. h4 Nb4 32. Be7 Bxe7 33. Rxe7 Nd5 34. Rxg7 Ne3+ 35. Kh3 Nxf5 36. gxf5 Rxf5 37. Kg4 Rd5 38. h5 Rxd4 39. h6 1-0

[Event "Pillsbury"]
[Site "Gatineau CAN"]
[Date "2026.01.27"]
[Round "3"]
[White "Brault, Jean-Francois"]
[Black "Mallette, Mathieu"]
[Result "1-0"]
[ECO "B13"]
[WhiteElo "1533"]
[BlackElo "1311"]
[WhiteFideId "-1"]
[BlackFideId "-1"]
[PlyCount "71"]
[GameId "2273131113812532"]
[EventDate "2026.01.05"]
[EventType "swiss"]
[EventRounds "7"]
[EventCountry "CAN"]
[TimeControl "90+30"]

1. e4 c6 2. Nf3 d5 3. exd5 cxd5 4. d4 Nc6 5. Bf4 Nf6 6. c3 e6 7. Nbd2 Bd6 8. Bg3 Qc7 9. Bd3 O-O 10. Bxd6 Qxd6 11. O-O Re8 12. Re1 Bd7 13. Ne5 Bc8 14. Ndf3 Ne7 15. Ng5 Rf8 16. f4 h6 17. Ngf3 Ng6 18. Bxg6 fxg6 19. Nh4 Ne4 20. Nhxg6 Rf6 21. g3 Bd7 22. Nxd7 Qxd7 23. Ne5 Qc7 24. Re2 Raf8 25. Qa4 Nxc3 26. bxc3 Qxc3 27. Rae1 Rf5 28. Re3 Qd2 29. R1e2 Qc1+ 30. Kg2 g5 31. Ng6 R8f7 32. Qe8+ Kg7 33. Rxe6 R5f6 34. f5 Qf1+ 35. Kxf1 Rxf5+ 36. Kg2 1-0

[Event "Pillsbury"]
[Site "Gatineau CAN"]
[Date "2026.02.10"]
[Round "5"]
[White "Brault, Jean-Francois"]
[Black "Bergeron-Collin, Laurent"]
[Result "1-0"]
[ECO "B13"]
[WhiteElo "1533"]
[BlackElo "1292"]
[WhiteFideId "-1"]
[BlackFideId "-1"]
[PlyCount "129"]
[GameId "2276706194694155"]
[EventDate "2026.01.05"]
[EventType "swiss"]
[EventRounds "7"]
[EventCountry "CAN"]
[TimeControl "90+30"]

1. e4 c6 2. Nf3 d5 3. exd5 cxd5 4. d4 Bg4 5. c3 e6 6. Bf4 Ne7 7. Nbd2 Nbc6 8. Qc2 g6 9. Bb5 Bg7 10. Ne5 Bf5 11. Qa4 O-O 12. Nxc6 bxc6 13. Bxc6 Nxc6 14. Qxc6 Bd3 15. Nf3 Qf6 16. Be3 Qf5 17. Qd6 Bc4 18. b3 Rab8 19. Qa3 Bd3 20. Qb2 Rfc8 21. Rc1 Qe4 22. Qd2 a5 23. h3 Bf8 24. Rg1 Bd6 25. Ng5 Qf5 26. g4 Qf6 27. Qxd3 h6 28. Nxf7 Kxf7 29. Bxh6 g5 30. Qh7+ Ke8 31. Qg8+ Kd7 32. Qg7+ Be7 33. Qxf6 Bxf6 34. f4 gxf4 35. Bxf4 Bh4+ 36. Ke2 Rf8 37. Rgf1 Rbe8 38. Be5 Rxf1 39. Rxf1 Ke7 40. Rf3 Bg5 41. Kd3 Kd7 42. c4 Kc6 43. c5 Re7 44. a4 Rb7 45. Kc2 Rh7 46. Bd6 Rb7 47. Rf8 Rb4 48. Be5 Be3 49. Rb8 Rxb8 50. Bxb8 Bxd4 51. Ba7 Kb7 52. Bb6 e5 53. Bxa5 e4 54. Bc3 Bxc5 55. Kd2 Be7 56. Bd4 Bb4+ 57. Ke3 Kc6 58. g5 Ba3 59. g6 Bc1+ 60. Ke2 Bh6 61. b4 Kd6 62. b5 Ke6 63. h4 Kf5 64. h5 Kg4 65. g7 1-0

[Event "Pillsbury"]
[Site "Gatineau CAN"]
[Date "2026.02.10"]
[Round "5"]
[White "Thibeault, Alain"]
[Black "St-Amour, Mathieu"]
[Result "0-1"]
[ECO "B23"]
[WhiteElo "1166"]
[BlackElo "1360"]
[WhiteFideId "-1"]
[BlackFideId "-1"]
[PlyCount "42"]
[GameId "2276706194956305"]
[EventDate "2026.01.05"]
[EventType "swiss"]
[EventRounds "7"]
[EventCountry "CAN"]
[TimeControl "90+30"]

1. e4 c5 2. Nc3 e6 3. f4 d5 4. e5 d4 5. Nce2 Nc6 6. d3 Nge7 7. c3 Nf5 8. Nf3 Be7 9. b4 cxb4 10. cxd4 Ncxd4 11. Nexd4 Nxd4 12. Bb2 Nxf3+ 13. Qxf3 O-O 14. Be2 Qb6 15. d4 Bd7 16. O-O Bc6 17. Qf2 Rac8 18. Bf3 Bxf3 19. Qxf3 Rc2 20. Qb3 Qc6 21. Rac1 Qxg2# 0-1

[Event "Pillsbury"]
[Site "Gatineau CAN"]
[Date "2026.02.03"]
[Round "4"]
[White "Tsanov, Denise"]
[Black "Chenier, Raphael"]
[Result "0-1"]
[ECO "B23"]
[WhiteElo "1402"]
[BlackElo "1588"]
[WhiteFideId "-1"]
[BlackFideId "-1"]
[PlyCount "48"]
[GameId "2276706194997270"]
[EventDate "2026.01.05"]
[EventType "swiss"]
[EventRounds "7"]
[EventCountry "CAN"]
[TimeControl "90+30"]

1. e4 c5 2. Nc3 d6 3. f4 g6 4. Nf3 Bg7 5. Bb5+ Bd7 6. Bxd7+ Qxd7 7. d3 Nc6 8. O-O f5 9. Qe1 Nf6 10. exf5 gxf5 11. Qf2 Nd4 12. h3 Nxf3+ 13. Qxf3 h5 14. Nd5 O-O-O 15. Re1 e6 16. Nxf6 Bxf6 17. c3 Rdg8 18. Be3 h4 19. Bf2 Rg6 20. Kh1 Rhg8 21. Rg1 e5 22. fxe5 dxe5 23. Bxc5 Rg3 24. Qe2 Qd5 0-1

[Event "Pillsbury"]
[Site "Gatineau CAN"]
[Date "2026.02.03"]
[Round "4"]
[White "Azar, Sebastien"]
[Black "Zebaze, Dylane"]
[Result "1-0"]
[ECO "C10"]
[WhiteElo "2148"]
[BlackElo "1912"]
[WhiteFideId "-1"]
[BlackFideId "-1"]
[PlyCount "70"]
[GameId "2276706194997271"]
[EventDate "2026.01.05"]
[EventType "swiss"]
[EventRounds "7"]
[EventCountry "CAN"]
[TimeControl "90+30"]

1. e4 e6 2. d4 d5 3. Nc3 Nf6 4. Bg5 dxe4 5. Nxe4 Nbd7 6. Nf3 Be7 7. Nxf6+ Nxf6 8. Bd3 h6 9. Bxf6 Bxf6 10. c3 O-O 11. Qe2 Qd5 12. O-O Rb8 13. a4 a5 14. Rfe1 Rd8 15. Rad1 Bd7 16. c4 Qh5 17. Qe4 Bxa4 18. Ra1 Bd7 19. g4 Qh3 20. Bf1 Bc6 21. Bxh3 Bxe4 22. Rxe4 c5 23. dxc5 Bxb2 24. Rxa5 Rd1+ 25. Kg2 Rc8 26. g5 hxg5 27. Rxe6 Rcd8 28. Rd6 R1xd6 29. cxd6 Rxd6 30. Nxg5 Bf6 31. Ra8+ Bd8 32. c5 Rd3 33. Bf5 Rd5 34. Ne6 Rxf5 35. Nxd8 Kf8 1-0